 Dungeon Sprint DCSS version 0.29.1-2-gbd0b4ee654 (webtiles) character file.

Game seed: 15719452003237173550

12389 Groucho the Imperceptible (level 11, -5/61 HPs)
             Began as a Felid Fighter on Nov 8, 2022.
             Was a Follower of Uskayaw.
             Slain by a five-headed hydra (10 damage)
             ... in the Dungeon (Sprint IX: "|||||||||||||||||||||||||||||").
             The game lasted 00:16:05 (7008 turns).

Groucho the Imperceptible (Felid Fighter)           Turns: 7008, Time: 00:16:06

Health: -5/61      AC:  5    Str: 15    XL:     11   Next: 61%
Magic:  14/22      EV: 36    Int:  9    God:    Uskayaw [*.....]
Gold:   78         SH:  4    Dex: 22    Spells: 17/20 levels left
                                        Lives:  0   Deaths: 2

rFire   . . .      SeeInvis +     - Unarmed
rCold   + . .      Faith    .   (shield unavailable)
rNeg    . . .      Spirit   .   (body armour unavailable)
rPois   +          Reflect  .   (helmet unavailable)
rElec   .          Harm     .   (cloak unavailable)
rCorr   .          Rampage  .   (gloves unavailable)
Will    +....      NoTele   +   (boots unavailable)
Stlth   +++++++++.              (no amulet)
HPRegen 0.20/turn               m - ring of poison resistance
MPRegen 0.18/turn               l - +2 ring of protection

@: quick
A: very small, claws 1, fangs 3, see invisible, speed 1, shaggy fur 3, stealthy
paws, no weapons or thrown items, no armour, multi-lived, horns 1, large bone
plates 1, thin skeletal structure 1, agile 1
a: Renounce Religion, Stomp


You were in the Dungeon.
You worshipped Uskayaw.
Uskayaw was pleased with you.
You visited 1 branch You collected 1924 gold pieces.
You spent 1846 gold pieces at shops.

Inventory:

Jewellery
 h - a ring of protection from fire
 k - a +3 ring of intelligence
 l - a +2 ring of protection (right paw)
 m - a ring of poison resistance (left paw)
 q - a ring of protection from fire
 r - an amulet of faith
Wands
 j - a wand of light (9)
Scrolls
 c - 2 scrolls of fog
 g - 3 scrolls of blinking
 i - 2 scrolls of amnesia
 n - a scroll of acquirement
 u - 2 scrolls of fear
 v - a scroll of identify
Potions
 a - a potion of might
 b - 3 potions of curing
 e - 4 potions of magic
 f - 2 potions of berserk rage
 p - a potion of lignification {unknown}
 t - a potion of mutation


   Skills:
 + Level 15.3 Fighting
 + Level 19.4 Dodging
 * Level 21.8 Stealth
 + Level 15.5 Unarmed Combat
 + Level 5.1 Spellcasting
 + Level 5.1 Conjurations
 + Level 6.2 Transmutations
 + Level 5.1 Ice Magic
 + Level 13.9 Invocations


You had 17 spell levels left.
You knew the following spells:

 Your Spells              Type           Power      Damage    Failure   Level
a - Ozocubu's Armour      Ice            11%        N/A       9%          3

Your spell library contained the following spells:

 Spells                   Type           Power      Damage    Failure   Level
 Blade Hands              Tmut           6%         N/A       45%         5
 Iskenderun's Battlesphe  Conj           11%        2d7       63%         5
 Fireball                 Conj/Fire      3%         3d4       93%         5
 Conjure Ball Lightning   Conj/Air       3%         3x3d6     100%        6
 Iron Shot                Conj/Erth      3%         9d2       100%        6
 Orb of Destruction       Conj           5%         9d5       100%        7
 Ozocubu's Refrigeration  Ice            5%         4d8       100%        7
 Animate Armour           Summ/Erth      Unusable   N/A       N/A         4

Dungeon Overview and Level Annotations

Branches:
Dungeon (1/1)

Altars:
Cheibriados
Dithmenos
Elyvilon
Fedhas
Gozag
Hepliaklqana
Kikubaaqudgha
Makhleb
Nemelex Xobeh
Okawaru
Qazlal
Ru
Sif Muna
Trog
Uskayaw
Vehumet
Wu Jian
Xom
Yredelemnul
Zin
The Shining One
Jiyva
Lugonu

Shops:
D [[*:


Innate Abilities, Weirdness & Mutations

You have sharp claws.
You have razor-sharp teeth.
You have supernaturally acute eyesight. (SInv)
You cover ground quickly. (Speed+)
Your thick and shaggy fur keeps you warm. (AC +3, rC+)
Your paws help you pounce on unaware monsters.
You are incapable of wielding weapons or throwing items.
You cannot wear armour.
You gain extra lives every three experience levels.
You have a pair of small horns on your head.
You are partially covered in large bone plates. (SH +4)
You have a somewhat thin skeletal structure. (Dex +2, Stealth+)
You are agile. (Dex +4, Str/Int -1)


Message History

The five-headed hydra closely misses you.
You can now pass through a line of other dancers.
Unknown command.
Aiming: Line Pass
Press: ? - help, Dir - move target The five-headed hydra appears confused.
You can no longer pass through a line of other dancers.
The five-headed hydra completely misses you. x3
The five-headed hydra closely misses you.
The five-headed hydra completely misses you.
Unknown command.
You claw the five-headed hydra!
The five-headed hydra is heavily wounded.
Unknown command.
You scratch the five-headed hydra. You headbutt the five-headed hydra.
You bite the five-headed hydra.
The five-headed hydra is severely wounded.
You can now pass through a line of other dancers.
The five-headed hydra seems less confused.
The five-headed hydra completely misses you.
The five-headed hydra closely misses you.
The five-headed hydra barely misses you.
The five-headed hydra completely misses you. x2
You claw the five-headed hydra!
The five-headed hydra is almost dead.
The five-headed hydra bites you.
The five-headed hydra completely misses you.
The five-headed hydra bites you!
* * * LOW HITPOINT WARNING * * *
The five-headed hydra completely misses you.
The five-headed hydra misses you.
Aiming: Line Pass
Press: ? - help, Dir - move target The five-headed hydra appears confused.
You can no longer pass through a line of other dancers.
The five-headed hydra bites you.
* * * LOW HITPOINT WARNING * * *
The five-headed hydra completely misses you.
The five-headed hydra bites you!
You die...

▓_▓.▓.▓.▓)▓.▓[▓.♣.♣
▓_▓.▓.▓.▓)▓)▓[▓.♣i♣
▓_▓.▓'▓.▓)▓.▓[▓.♣t♣
▓_▓.▓.▓.▓)▓.▓.▓.♣
▓_▓.▓.▓.▓)▓.▓.▓.♣
▓_▓.▓.▓.▓)▓.▓.▓.♣
▓_▓.▓.▓)▓.▓.▓.▓.▓
▓_▓.▓.▓.▓.▓.▓.▓D▓
▓_▓.▓.▓.▓.▓.▓.▓@▓
▓_▓.▓.▓.▓.▓.▓.▓[▓
▓_▓.▓.▓.▓.▓.▓C▓.▓
▓_▓.▓.▓.▓'▓.▓?▓.▓
▓'▓.▓'▓.▓[▓.▓C▓.▓
▓.▓.▓.▓.▓.▓.▓)▓.▓
▓.▓.▓†▓.▓.▓.▓.▓.▓
▓)▓.▓†▓.▓.▓.▓)▓.▓
▓.▓.▓.▓.▓.▓.▓.▓.▓


You could see a five-headed hydra (confused).

Vanquished Creatures
  Frances (D)
  Nessos (D)
  2 stone giants (D)
  A merfolk impaler (D)
  Josephine (D)
  2 hydras (D)
  Harold (D)
  5 centaur warriors (D)
  A catoblepas (D)
  A death knight (D)
  Erica (D)
  A satyr (D)
  A deep troll earth mage (D)
  Sonja (D)
  A skeletal warrior (D)
  A sea snake (D)
  An orc knight (D)
  7 orc sorcerers (D)
  An ugly thing (D)
  2 cyclopes (D)
  2 manticores (D)
  A water nymph (D)
  A gargoyle (D)
  6 cane toads (D)
  3 komodo dragons (D)
  A tengu conjurer (D)
  2 merfolk (D)
  2 wind drakes (D)
  A slime creature (D)
  A vampire (D)
  5 wraiths (D)
  A wyvern (D)
  3 yaks (D)
  A warg (D)
  2 hell hounds (D)
  A water moccasin (D)
  11 orc warriors (D)
  A centaur (D)
  5 wolves (D)
  3 bullfrogs (D)
  2 scorpions (D)
  2 howler monkeys (D)
  A gnoll bouda (D)
  3 orc priests (D)
  10 orc wizards (D)
  8 orcs (D)
  A ball python (D)
  2 hobgoblins (D)
  A jackal (D)
  A frilled lizard (D)
117 creatures vanquished.

Notes
Turn   | Place    | Note
-------+----------+-------------------------------------------
     0 | D        | Groucho the Felid Fighter began the quest for the Orb.
     0 | D        | Reached XP level 1. HP: 10/10 MP: 2/2
     6 | D        | Reached skill level 1 in Stealth
    10 | D        | Reached skill level 2 in Stealth
   506 | D        | Noticed a scorpion
   506 | D        | Noticed a scorpion
   506 | D        | Noticed a gnoll bouda
   506 | D        | Noticed a howler monkey
   506 | D        | Noticed an orc wizard
   508 | D        | Killed a scorpion
   509 | D        | Reached skill level 5 in Stealth
   509 | D        | Reached skill level 5 in Unarmed Combat
   509 | D        | Reached XP level 2. HP: 15/15 MP: 3/3
   509 | D        | Reached XP level 3. HP: 18/18 MP: 4/4
   518 | D        | Killed a scorpion
   519 | D        | Reached skill level 5 in Fighting
   519 | D        | Reached skill level 6 in Stealth
   519 | D        | Reached XP level 4. HP: 20/23 MP: 5/5
   524 | D        | Reached skill level 7 in Stealth
   524 | D        | Reached XP level 5. HP: 13/27 MP: 6/6
   533 | D        | Reached skill level 8 in Stealth
   881 | D        | Found a snail-covered altar of Cheibriados.
   881 | D        | Found a shadowy altar of Dithmenos.
   881 | D        | Found a white marble altar of Elyvilon.
   881 | D        | Found a blossoming altar of Fedhas.
   881 | D        | Found an opulent altar of Gozag.
   882 | D        | Found a hazy altar of Hepliaklqana.
   883 | D        | Found a viscous altar of Jiyva.
   884 | D        | Found an ancient bone altar of Kikubaaqudgha.
   885 | D        | Found a corrupted altar of Lugonu.
   886 | D        | Found a burning altar of Makhleb.
   887 | D        | Found a sparkling altar of Nemelex Xobeh.
   888 | D        | Found an iron altar of Okawaru.
   889 | D        | Found a stormy altar of Qazlal.
   890 | D        | Found a sacrificial altar of Ru.
   891 | D        | Found a shimmering blue altar of Sif Muna.
   892 | D        | Found a bloodstained altar of Trog.
   893 | D        | Found a hide-covered altar of Uskayaw.
   894 | D        | Found a radiant altar of Vehumet.
   895 | D        | Found an ornate altar of the Wu Jian Council.
   896 | D        | Found a shimmering altar of Xom.
   897 | D        | Found a basalt altar of Yredelemnul.
   898 | D        | Found a glowing silver altar of Zin.
   899 | D        | Found a glowing golden altar of the Shining One.
   901 | D        | Became a worshipper of Uskayaw the Reveller
   927 | D        | Noticed a yak
   927 | D        | Noticed a vampire
   927 | D        | Noticed a gargoyle
   927 | D        | Noticed a centaur
   929 | D        | Killed a yak
   929 | D        | Reached * piety under Uskayaw
   930 | D        | Reached skill level 9 in Stealth
   930 | D        | Gained mutation: You are covered in thick fur. (AC +2)
                  | [Felid growth]
   930 | D        | Reached XP level 6. HP: 33/33 MP: 6/9
   931 | D        | Reached ** piety under Uskayaw
   933 | D        | Reached *** piety under Uskayaw
   934 | D        | Killed a vampire
   935 | D        | Reached skill level 10 in Dodging
   940 | D        | Reached **** piety under Uskayaw
   943 | D        | Killed a gargoyle
   944 | D        | Reached skill level 10 in Stealth
   944 | D        | Reached XP level 7. HP: 37/37 MP: 7/11
   949 | D        | Reached ***** piety under Uskayaw
   951 | D        | Noticed a centaur warrior
   951 | D        | Noticed a cyan ugly thing
   951 | D        | Noticed a cyclops
   951 | D        | Noticed a centaur warrior
   951 | D        | Noticed a slime creature
   951 | D        | Noticed a centaur warrior
   953 | D        | Killed a centaur warrior
   954 | D        | Reached skill level 12 in Stealth
   954 | D        | Reached XP level 8. HP: 42/42 MP: 8/13
   955 | D        | Killed a cyan ugly thing
   956 | D        | Reached skill level 10 in Unarmed Combat
   957 | D        | Killed a cyclops
   957 | D        | Reached ****** piety under Uskayaw
   958 | D        | Reached skill level 10 in Fighting
   958 | D        | Reached skill level 13 in Stealth
   958 | D        | Reached XP level 9. HP: 46/46 MP: 8/15
   959 | D        | Killed a centaur warrior
   960 | D        | Reached skill level 14 in Stealth
   963 | D        | Killed a centaur warrior
  1109 | D        | Noticed a cane toad
  1109 | D        | Noticed a cane toad
  1109 | D        | Noticed a cane toad
  1109 | D        | Noticed a komodo dragon
  1112 | D        | Noticed a cane toad
  1122 | D        | Killed a cane toad
  1124 | D        | Killed a cane toad
  1125 | D        | Reached skill level 15 in Stealth
  1125 | D        | Reached XP level 10. HP: 52/52 MP: 17/17
  1126 | D        | Killed a cane toad
  1131 | D        | Killed a cane toad
  1132 | D        | Reached skill level 15 in Dodging
  1140 | D        | Reached skill level 16 in Stealth
  1140 | D        | Reached skill level 10 in Invocations
  1669 | D        | Noticed a cane toad
  1669 | D        | Noticed a six-headed hydra
  1671 | D        | Killed a cane toad
  1672 | D        | Noticed a four-headed hydra
  1675 | D        | Killed a six-headed hydra
  1676 | D        | Noticed a cane toad
  1684 | D        | Killed a cane toad
  1694 | D        | Killed a four-headed hydra
  1695 | D        | Reached skill level 17 in Stealth
  1695 | D        | Reached XP level 11. HP: 31/58 MP: 7/20
  2366 | D        | Noticed Sonja
  2375 | D        | Killed Sonja
  2793 | D        | Noticed Harold
  2800 | D        | Killed Harold
  2826 | D        | Noticed an orc knight
  2981 | D        | Killed an orc knight
  2982 | D        | Reached skill level 18 in Stealth
  3125 | D        | Found Jacypn Vyoga's Armour Emporium.
  3125 | D        | Noticed an orc sorcerer
  3125 | D        | Noticed an orc sorcerer
  3125 | D        | Noticed an orc sorcerer
  3151 | D        | Killed an orc sorcerer
  3152 | D        | Gained mutation: You sometimes lose your temper in combat.
                  | [a neqoxec]
  3365 | D        | Killed an orc sorcerer
  3442 | D        | Killed an orc sorcerer
  3684 | D        | Found Biukeuz's Armour Shoppe.
  3688 | D        | Found Qiheatu's General Store.
  3691 | D        | Found Isukuof's Book Shoppe.
  3693 | D        | Noticed an orc sorcerer
  3694 | D        | Noticed an orc sorcerer
  3698 | D        | Noticed an orc sorcerer
  3703 | D        | Killed an orc sorcerer
  3704 | D        | Noticed an orc sorcerer
  3709 | D        | Killed an orc sorcerer
  3710 | D        | Reached skill level 19 in Stealth
  3712 | D        | Killed an orc sorcerer
  3714 | D        | Killed an orc sorcerer
  3730 | D        | Bought a ring of protection from fire for 250 gold pieces
  3748 | D        | Bought a book of Iron for 504 gold pieces
  3748 | D        | Bought Ozocubu's Autobiography for 336 gold pieces
  3748 | D        | Bought a book of the Spheres for 756 gold pieces
  4018 | D        | Noticed Josephine
  4029 | D        | Killed Josephine
  4030 | D        | Reached skill level 1 in Spellcasting
  4030 | D        | Reached skill level 1 in Conjurations
  4030 | D        | Reached skill level 1 in Transmutations
  4030 | D        | Reached skill level 1 in Ice Magic
  4037 | D        | Gained mutation: Your thick and shaggy fur keeps you warm.
                  | (AC +3, rC+) [Felid growth]
  4037 | D        | Reached XP level 12. HP: 59/64 MP: 22/22
  4070 | D        | Noticed Erica
  4082 | D        | Killed Erica
  4442 | D        | Learned a level 3 spell: Ozocubu's Armour
  4514 | D        | Noticed a catoblepas
  4514 | D        | Noticed a centaur warrior
  4514 | D        | Noticed a death knight
  4520 | D        | Killed a catoblepas
  4529 | D        | Noticed a centaur warrior
  4533 | D        | Reached skill level 20 in Stealth
  4538 | D        | Noticed a stone giant
  4538 | D        | Noticed a frost giant
  4538 | D        | Noticed an ettin
  4538 | D        | Noticed a sphinx
  4544 | D        | Killed a centaur warrior
  4721 | D        | Slain by a death knight
  4722 | D        | Reached XP level 11. HP: -2/51 MP: 21/21
  4846 | D        | Killed a death knight
  5349 | D        | Killed a stone giant
  5350 | D        | Reached skill level 15 in Unarmed Combat
  5365 | D        | Killed a centaur warrior
  5527 | D        | Mangled by a frost giant
  5528 | D        | Reached XP level 10. HP: -10/57 MP: 21/21
  5559 | D        | Noticed Nessos
  5568 | D        | Lost mutation: You sometimes lose your temper in combat.
                  | [potion of mutation]
  5568 | D        | Gained mutation: You are agile. (Dex +4, Str/Int -1)
                  | [potion of mutation]
  5568 | D        | Gained mutation: You are partially covered in large bone
                  | plates. (SH +4) [potion of mutation]
  5568 | D        | Gained mutation: You have a pair of small horns on your
                  | head. [potion of mutation]
  5568 | D        | Gained mutation: You have a somewhat thin skeletal
                  | structure. (Dex +2, Stealth+) [potion of mutation]
  5598 | D        | Killed Nessos
  6086 | D        | Noticed Frances
  6093 | D        | Killed Frances
  6094 | D        | Reached skill level 15 in Fighting
  6094 | D        | Reached skill level 21 in Stealth
  6094 | D        | Reached skill level 5 in Transmutations
  6094 | D        | Reached XP level 11. HP: 61/61 MP: 22/22
  6119 | D        | Noticed a stone giant
  6124 | D        | Noticed a deep troll earth mage
  6128 | D        | Killed a stone giant
  6368 | D        | Noticed a satyr
  6368 | D        | Noticed a merfolk impaler
  6369 | D        | Noticed a sea snake
  6370 | D        | Killed a satyr
  6374 | D        | Killed a merfolk impaler
  6587 | D        | Killed a sea snake
  6588 | D        | Reached skill level 5 in Ice Magic
  6590 | D        | Reached skill level 5 in Spellcasting
  6590 | D        | Reached skill level 5 in Conjurations
  6909 | D        | Noticed a five-headed hydra
  6909 | D        | Noticed a swamp dragon
  6909 | D        | Noticed a goliath frog
  6909 | D        | Noticed a spriggan druid
  6909 | D        | Noticed a ghost crab
  6975 | D        | Killed a deep troll earth mage
  7008 | D        | Slain by a five-headed hydra

Illustrated notes

Levels and vault maps discovered:
D:        linesprint [early_d, line_temple, items_1, d_10, items_2, lair_1,
          lair_end, items_3, orc_1, orc_end, items_4, d_15, swamp_1, shoals_1,
          snake_1, spider_1, d_20, vaults_1, items_5, swamp_end, shoals_end,
          snake_end, spider_end, vaults_end, d_27, items_6, zot_1, zot_end,
          crypt_end, forest_end, elf_end, slime_end, tomb_end, abyss_end,
          pan_hell_end]

Skill      XL: |  1  2  3  4  5  6  7  8  9 10 11 12 |
---------------+-------------------------------------+-----
Stealth        | 5 6 7 9 10 12 13 15 21 19 20 | 21.8
Fighting       | 4 5 7 8 9 10 11 15 14 | 15.3
Dodging        | 6 7 9 10 11 13 14 19 18 | 19.4
Unarmed Combat | 5 6 7 8 9 10 11 13 15 | 15.5
Invocations    | 2 4 6 7 9 11 12 13 | 13.9
Spellcasting   | 4 5 2 |  5.1
Conjurations   | 4 5 2 |  5.1
Transmutations | 5 6 3 |  6.2
Ice Magic      | 4 5 2 |  5.1

Action                   |  1- 3 |  4- 6 |  7- 9 | 10-12 || total
-------------------------+-------+-------+-------+-------++-------
Melee: Unarmed           |    18 |    23 |    24 |   253 ||   318
       Bite              |     3 |     3 |       |    30 ||    36
       Punch             |     1 |     1 |     2 |    17 ||    21
       Headbutt          |       |       |       |    11 ||    11
Invok: Line Pass         |       |       |       |    17 ||    17
Evoke: Wand              |       |       |       |     9 ||     9
  Use: Potion            |       |     3 |       |    15 ||    18
 Stab: Sleeping          |     1 |     3 |     6 |    12 ||    22
       Paralysed         |       |     1 |     2 |    17 ||    20
       Invisible         |       |       |     1 |     1 ||     2
       Confused          |       |       |       |     8 ||     8
       Distracted        |       |       |       |     5 ||     5
Armor: Skin              |       |     1 |     1 |    11 ||    13
Dodge: Dodged            |    13 |     8 |    19 |   217 ||   257
Block: Other             |       |       |       |    13 ||    13
